 Dungeon Crawl Stone Soup version 0.29-a0-322-g68df515428 (webtiles) character file.

Game seed: 16503619166239372941

82 GigaChad the Skirmisher (level 4, 0/40 HPs)
             Began as a Draconian Chaos Knight on Apr 7, 2022.
             Was a Plaything of Xom.
             Killed by nerve-wracking pain
             ... invoked by an orc priest
              (5 damage)
             ... on level 3 of the Dungeon.
             The game lasted 00:05:35 (1359 turns).

GigaChad the Skirmisher (Draconian Chaos Knight)    Turns: 1359, Time: 00:05:36

Health: 0/40       AC:  5    Str: 14    XL:     4   Next: 21%
Magic:  4/4        EV: 12    Int: 12    God:    Xom [..*...]
Gold:   95         SH:  0    Dex: 13    Spells: 3/3 levels left

rFire   . . .      SeeInvis .   a - +1 falchion (chaos)
rCold   . . .      Faith    .   (no shield)
rNeg    . . .      Spirit   .   (body armour unavailable)
rPois   .          Reflect  .   (helmet restricted)
rElec   .          Harm     .   (no cloak)
rCorr   .          Rampage  .   (no gloves)
Will    .....                   (no boots)
Stlth   +.........              (no amulet)
HPRegen 0.13/turn               (no ring)
MPRegen 0.09/turn               (no ring)

@: no status effects
A: AC +5, unfitting armour, cold-blooded
a: Renounce Religion


You were on level 3 of the Dungeon.
You worshipped Xom.
You were a toy of Xom.
You visited 1 branch of the dungeon, and saw 3 of its levels.

You collected 95 gold pieces.

Inventory:

Hand Weapons
 a - a +1 falchion of chaos (weapon)
Armour
 e - a +0 cloak
Magical Staves
 h - a staff of poison
Scrolls
 f - a scroll of teleportation
Potions
 c - 2 potions of attraction {unknown}
 g - a potion of degeneration {unknown}
Miscellaneous
 b - a piece from Xom's chessboard (15/15) (quivered)


   Skills:
 + Level 4.0 Fighting
 + Level 3.9 Long Blades
 + Level 3.0 Dodging
 + Level 0.2 Stealth


You had 3 spell levels left.
You didn't know any spells.
Your spell library was empty.

Dungeon Overview and Level Annotations

Branches:
Dungeon (3/15)

Altars:
Vehumet

Shops:
D:1 !


Innate Abilities, Weirdness & Mutations

Your plain brown scales are hard. (AC +5)
You cannot fit into any form of body armour.
You are cold-blooded and may be slowed by cold attacks.


Message History

Something hits you but does no damage.
You closely miss the orc priest. Something hits you. The orc priest misses you.
You hit the orc priest. You burn the orc priest.
Your tail-slap misses the orc priest.
The orc priest is moderately wounded.
Something hits you.
The orc priest calls down the wrath of Beogh upon you.
Pain shoots through your body!
* * * LOW HITPOINT WARNING * * *
You feel much better. Something hits you.
The orc priest looks satisfied for a moment.
You hit the orc priest but do no damage.
You tail-slap the orc priest, but do no damage.
The orc priest is moderately wounded.
You hear some strange, mumbled words.
A puff of flame appears from out of thin air!
The puff of flame hits you.
The orc priest calls down the wrath of Beogh upon you.
Beogh smites you!
The orc priest hits you with a +0 flail.
* * * LOW HITPOINT WARNING * * *
Something hits you but does no damage.
The orc priest hits you but does no damage.
You hit the orc priest but do no damage.
Lightning courses through the orc priest!
You kill the orc priest!
Something hits you but does no damage.
Your Dodging skill increases to level 3!
You have reached level 4!
You feel agile.
You hit the orc.
The orc resists with significant effort.
You tail-slap the orc.
You kill the orc!
Something hits you but does no damage.
Your Fighting skill increases to level 4!
The orc priest calls down the wrath of Beogh upon you.
Pain shoots through your body!
You die... "I guess I need a new plaything now."

#.##.#..#..##.##.##.
#####.......#####.##.##.
#........##.............
#.#####..###########.#†.
#.#####..# #.#.#
#.##.(...# ####### #.#.#
..#####>##.##.## #†....#
#....
........##.##{####.....#
###.#
.......>....o@.5.......#
#..
........##.#######.....#
#.. ..########.# #.....#
#># . #...#
###########.# #.#..####
#.......#.#
#.#.....###.#####.#.#
#.#.○.......# #.#..
....._.§###.# #....
#.#§°°°.###.# #.###


You could see an orc priest and a friendly iron imp (summoned).

Vanquished Creatures
  An orc priest (D:3)
  An adder (D:3)
  A dart slug (D:1)
  3 orcs (D:3)
  A ball python (D:3)
  4 endoplasms
  A giant cockroach (D:3)
  4 goblins
  2 hobgoblins
  2 jackals (D:1)
  3 quokkas
  3 bats
  4 frilled lizards (D:1)
  4 kobolds
  5 rats
39 creatures vanquished.

Notes
Turn   | Place    | Note
-------+----------+-------------------------------------------
     0 | D:1      | GigaChad the Draconian Chaos Knight began the quest for the
                  | Orb.
     0 | D:1      | Reached XP level 1. HP: 19/19 MP: 1/1
    15 | D:1      | XOM: divination: detect items
   156 | D:1      | Reached XP level 2. HP: 14/26 MP: 2/2
   312 | D:1      | Found Catiel's Distillery.
   348 | D:1      | XOM: smoke on damage
   401 | D:1      | XOM: divination: detect items
   536 | D:1      | XOM: divination: detect creatures
   567 | D:1      | XOM: divination: detect creatures
   941 | D:2      | Reached XP level 3. HP: 31/33 MP: 3/3
  1208 | D:3      | Found a radiant altar of Vehumet.
  1331 | D:3      | XOM: summons friendly iron imp
  1358 | D:3      | Reached XP level 4. HP: 5/40 MP: 4/4
  1359 | D:3      | Reached skill level 4 in Fighting
  1359 | D:3      | Killed from afar by an orc priest

Illustrated notes

Levels and vault maps discovered:
D:1:      dpeg_arrival_round_c, layout_loops_ring,
          hellmonk_ecumenical_altar_leap_of_faith, serial_shops,
          nicolae_lakefront_shop
D:2:      layout_basic, serial_forest, infiniplex_forest_lined_2,
          infiniplex_forest_end_1, infiniplex_forest_lined_2,
          infiniplex_forest_join, infiniplex_forest_fountain,
          infiniplex_forest_clump_curved, corexii_item_surrounded_by_moat,
          kennysheep_another_room
D:3:      layout_loops_cross, fiery_altar_vehumet, lemuel_old_faithful

Skill      XL: |  1  2  3  4 |
---------------+-------------+-----
Dodging        | 3 |  3.0
Fighting       | 4 |  4.0
Long Blades    | |  3.9
Stealth        | |  0.2

Action                   |  1- 3 |  4- 6 || total
-------------------------+-------+-------++-------
Melee: Falchion          |   104 |     1 ||   105
       Tailslap          |     9 |     1 ||    10
  Use: Scroll            |     5 |       ||     5
       Potion            |     1 |       ||     1
Armor: Skin              |    65 |     1 ||    66
Dodge: Dodged            |   110 |       ||   110

Table legend: (Time is in decaauts)
 A = Elapsed time spent in this place.
 B = Non-inter-level travel time spent in this place.
 C = Inter-level travel time spent in this place.
 D = Time resting spent in this place.
 E = Time spent auto-exploring this place.
 F = Levels seen in this place.
 G = Mean time per level.
                   A        B        C        D        E       F      G
               +--------+--------+--------+--------+--------+-----+--------+
         Total |   1374 |   1346 |     28 |     83 |    338 |   3 |  458.0 |
       Dungeon |   1374 |   1346 |     28 |     83 |    338 |   3 |  458.0 |
               +--------+--------+--------+--------+--------+-----+--------+

Top non-repeatable levels by time:
     D:1: 590 daAuts
     D:2: 567 daAuts
     D:3: 217 daAuts
